 Dungeon Crawl Stone Soup version 0.19-a0-1225-gf887c1c (webtiles) character file.

85 Duffy the Slasher (level 4, -4/35 HPs)
             Began as a Human Gladiator on Aug 25, 2016.
             Was a Follower of Dithmenos.
             Slain by Grinder (6 damage)
             ... while paralysed by Grinder
             ... on level 3 of the Dungeon.
             The game lasted 00:02:33 (2412 turns).

Duffy the Slasher (Human Gladiator)                 Turns: 2412, Time: 00:02:34

Health: -4/35      AC:  8    Str: 16    XL:     4   Next: 75%
Magic:  4/4        EV:  2    Int:  9    God:    Dithmenos [*.....]
Gold:   150        SH:  0    Dex: 13    Spells: 0 memorised, 3 levels left

rFire  . . .     SeeInvis .     a - +0 long sword
rCold  . . .     Gourm    .     x - +0 scale mail
rNeg   . . .     Faith    .     (no shield)
rPois  .         Spirit   .     c - +0 helmet
rElec  .         Dismiss  .     (no cloak)
rCorr  .         Reflect  .     q - +0 pair of gloves
MR     .....     Harm     +     (no boots)
Stlth  ..........               y - amulet of harm
                                (no ring)
                                (no ring)

@: paralysed, wreathed by umbra
A: no striking features
a: Renounce Religion


You were on level 3 of the Dungeon.
You worshipped Dithmenos.
Dithmenos was aware of your devotion.
You were not hungry.

You visited 1 branch of the dungeon, and saw 3 of its levels.

You collected 150 gold pieces.

Inventory:

Hand Weapons
 a - a +0 long sword (weapon)
 B - a +1 whip of electrocution
Missiles
 d - a throwing net (quivered)
Armour
 b - a +0 leather armour
 c - a +0 helmet (worn)
 i - a +0 ring mail
 k - a +0 chain mail
 q - a +0 pair of gloves (worn)
 x - a +0 scale mail (worn)
 A - a +0 plate armour
Jewellery
 y - an amulet of harm (around neck)
Scrolls
 e - 2 scrolls of teleportation {unknown}
 j - 3 scrolls of identify {unknown}
 n - 2 scrolls of noise {unknown}
 o - 2 scrolls of fear {unknown}
 u - a scroll of remove curse {unknown}
 z - a scroll of blinking {unknown}
Potions
 g - a potion of brilliance {unknown}
 l - a potion of cure mutation {unknown}
 m - 2 potions of curing {unknown}
 r - a potion of degeneration {unknown}
 s - a potion of resistance {unknown}
 t - a potion of heal wounds {unknown}
 v - a potion of berserk rage {unknown}
Comestibles
 f - 5 bread rations
 h - 2 meat rations
 p - a beef jerky
 w - a chunk of flesh


   Skills:
 + Level 3.2 Fighting
 + Level 4.4 Long Blades
 - Level 2.0 Throwing
 - Level 3.0 Dodging


You had 3 spell levels left.
You didn't know any spells.

Dungeon Overview and Level Annotations

Branches:
Dungeon (3/15)

Altars:
Dithmenos

Annotations:
D:3 Grinder


Message History

Grinder gestures at you.
You suddenly lose the ability to move!
Grinder struggles against the net.
Grinder struggles against the net.
You can move again.
You catch the helpless Grinder completely off-guard!
You hit Grinder.
Grinder is heavily wounded.
Grinder struggles against the net.
You strike the helpless Grinder from behind!
You hit Grinder.
Grinder is heavily wounded.
Grinder struggles against the net.
The net rips apart, and Grinder comes free!
Grinder hits you.
You writhe in agony.
You see here a throwing net.
d - a throwing net Grinder gestures at you.
You suddenly lose the ability to move!
Grinder hits you.
You writhe in agony.
You die...

####.####.#
##..#.##.#......#
#......##
#..#.##.#......#
#.......#
#####.#.##.#......#
#.......#
#.......##.#......#
#.......#
#.####..##.#......#
#.......# #..##........#
#######.#.# #
####..##.#.######
#.#...#.#....>####..#####
#.#.....#@#######.......#
#.# #...5...# #.........#
#<# #####.#.###.######..#
### #.#.....# ..#
#.####..# .# [.# #...# #
### #..## #..# #..#


You could see Grinder.

Vanquished Creatures
  Terence (D:2)
  2 adders
  An ooze (D:2)
  A worm (D:2)
  4 dart slugs
  A giant cockroach (D:1)
  6 goblins
  2 hobgoblins
  A quokka (D:3)
  2 bats
  2 giant newts
  5 kobolds
  4 rats
32 creatures vanquished.

Notes
Turn   | Place    | Note
-------+----------+-------------------------------------------
     0 | D:1      | Duffy the Human Gladiator began the quest for the Orb.
     0 | D:1      | Reached XP level 1. HP: 16/16 MP: 1/1
   532 | D:1      | Reached XP level 2. HP: 22/22 MP: 2/2
   885 | D:2      | Noticed Terence
  1115 | D:2      | Reached XP level 3. HP: 21/28 MP: 3/3
  1704 | D:2      | Killed Terence
  1704 | D:2      | Reached skill level 4 in Long Blades
  1704 | D:2      | Reached XP level 4. HP: 8/35 MP: 4/4
  2229 | D:3      | Found a faded altar of an unknown god.
  2239 | D:3      | Became a worshipper of Dithmenos the Shadowed
  2239 | D:3      | Reached * piety under Dithmenos
  2384 | D:3      | Noticed Grinder
  2405 | D:3      | Paralysed by Grinder for 3 turns
  2411 | D:3      | Paralysed by Grinder for 2 turns
  2412 | D:3      | Slain by Grinder

Vault maps used:
D:1:      dpeg_arrival_rhombus
D:2:      first_bread, serial_park_tiny_1, kennysheep_cross_room, uniq_terence
D:3:      ecumenical_altar_1, gup_sewer_entry_bowl, uniq_grinder

Skill      XL: |  1  2  3 |
---------------+----------+-----
Fighting       | 3 |  3.2
Long Blades    | 4 |  4.4
Throwing       | |  2.0
Dodging        | |  3.0

Action                   |  1- 3 |  4- 6 || total
-------------------------+-------+-------++-------
Melee: Long sword        |   102 |    43 ||   145
Throw: Throwing net      |       |     3 ||     3
 Stab: Held in net/web   |       |     4 ||     4
  Eat: Chunk             |     1 |     4 ||     5
Armor: Chain mail        |    50 |       ||    50
       Scale mail        |       |    11 ||    11
Dodge: Dodged            |    32 |    16 ||    48
